 Dungeon Crawl Stone Soup version 0.22-a0-99-g1ac4c55 (webtiles) character file.

71947 reaverb the Champion of Chaos (level 15, -2/94 HPs)
             Began as a Gargoyle Earth Elementalist on Jan 24, 2018.
             Was the Champion of Makhleb.
             Slain by a ghost moth (9 damage)
             ... on level 3 of the Spider Nest on Jan 25, 2018.
             The game lasted 02:27:17 (42042 turns).

reaverb the Champion of Chaos (GrEE)               Turns: 42042, Time: 02:27:18

Health: -2/94      AC: 19    Str: 15 (17) XL:     15   Next: 38%
Magic:  0/36       EV: 20    Int: 16 (18) God:    Makhleb [******]
Gold:   435        SH:  4    Dex:  9 (10) Spells: 3/30 levels left

rFire    . . .     SeeInvis .   a - +3 rapier (drain)
rCold    + . .     Gourm    +   V - +0 buckler
rNeg     + . .     Faith    .   c - +0 robe
rPois    ∞         Spirit   .   (helmet restricted)
rElec    +         Reflect  .   (no cloak)
rCorr    .         Harm     .   M - +0 pair of gloves of Intercession {rC+ MP+9 Int-4}
MR       +....                  W - +1 pair of boots of Parlour Games {Regen+}
Stlth    ++........             n - amulet of the gourmand
HPRegen  0.65/turn              D - +4 ring of evasion
MPRegen  0.25/turn              H - +3 ring of protection

@: mighty
A: antennae 1, big wings, blurry vision 1, negative energy resistance 1,
electricity resistance, unbreathing, petrification resistance, rot immunity, AC
+11
a: Fly, Minor Destruction, Lesser Servant of Makhleb, Major Destruction, Greater
Servant of Makhleb, Renounce Religion


You were on level 3 of the Spider Nest.
You worshipped Makhleb.
Makhleb was exalted by your worship.
You were full.

You visited 5 branches of the dungeon, and saw 25 of its levels.

You collected 1577 gold pieces.
You spent 1142 gold pieces at shops.

Notes
Turn   | Place    | Note
-------+----------+-------------------------------------------
     0 | D:1      | reaverb the Gargoyle Earth Elementalist began the quest for the Orb.
     0 | D:1      | Reached XP level 1. HP: 10/10 MP: 3/3
    30 | D:1      | Huge Dmg: 2 Dmg
   213 | D:1      | Reached skill level 1 in Fighting
   213 | D:1      | Reached XP level 2. HP: 16/16 MP: 1/5
   642 | D:1      | Huge Dmg: 3 Dmg
   645 | D:1      | Huge Dmg: 2 Dmg
   647 | D:1      | Reached XP level 3. HP: 9/22 MP: 1/6
  1778 | D:2      | Reached XP level 4. HP: 28/28 MP: 4/7
  2136 | D:2      | Huge Dmg: 11 Dmg
  2138 | D:1      | Huge Dmg: 5 Dmg
  2340 | D:2      | Huge Dmg: 16 Dmg
  2527 | D:1      | Learned a level 3 spell: Stone Arrow
  2668 | D:2      | Reached skill level 1 in Conjurations
  2668 | D:2      | Reached XP level 5. HP: 28/34 MP: 5/8
  3186 | D:3      | Noticed COBRA's ghost (weakling MiFi)
  3196 | D:3      | Huge Dmg: 10 Dmg
  3199 | D:3      | Huge Dmg: 7 Dmg
  3199 | D:3      | HP: 1/34 [COBRA's ghost (14)]
  3201 | D:2      | Huge Dmg: 14 Dmg
  3913 | D:3      | Learned a level 5 spell: Lee's Rapid Deconstruction
  4419 | D:3      | Huge Dmg: 10 Dmg
  4420 | D:3      | Huge Dmg: 12 Dmg
  4420 | D:3      | HP: 1/34 [COBRA's ghost (12)]
  4421 | D:3      | Huge Dmg: 11 Dmg
  4904 | D:4      | Noticed Barbarella's ghost (amateur DsIE)
  4924 | D:4      | Killed Barbarella's ghost
  4924 | D:4      | Reached XP level 6. HP: 32/39 MP: 1/12
  5547 | D:4      | Huge Dmg: 11 Dmg
  5551 | D:4      | Reached XP level 7. HP: 23/44 MP: 0/13
  5713 | D:4      | Noticed Duvessa
  5714 | D:4      | Noticed Dowan
  5726 | D:4      | Killed Duvessa
  5726 | D:4      | Reached skill level 5 in Fighting
  5742 | D:4      | Killed Dowan
  6561 | D:5      | Entered Level 5 of the Dungeon
  6654 | D:5      | Found a staircase to the Ecumenical Temple.
  6663 | Temple   | Entered the Ecumenical Temple
  6720 | Temple   | Became a worshipper of Makhleb the Destroyer
  6730 | D:5      | Reached skill level 1 in Short Blades
  6730 | D:5      | Reached XP level 8. HP: 40/50 MP: 1/14
  6735 | D:5      | Noticed schizoid's ghost (novice BaMo)
  7161 | D:5      | Found a glowing silver altar of Zin.
  7174 | D:5      | Huge Dmg: 12 Dmg
  7495 | D:5      | Killed schizoid's ghost
  7495 | D:5      | Reached XP level 9. HP: 48/54 MP: 4/15
  7697 | D:5      | Found a stormy altar of Qazlal.
  7757 | D:6      | Found a shattered altar of Ashenzari.
  7948 | D:6      | Huge Dmg: 11 Dmg
  8201 | D:6      | Found Zogris's Gadget Boutique.
  8389 | D:5      | Huge Dmg: 13 Dmg
  8391 | D:5      | Huge Dmg: 11 Dmg
  8392 | D:5      | Huge Dmg: 10 Dmg
  8393 | D:5      | Huge Dmg: 8 Dmg
  8732 | D:6      | Bought a wand of iceblast (6) for 130 gold pieces
  8732 | D:6      | Bought a wand of flame (22) for 156 gold pieces
  9669 | D:7      | Reached * piety under Makhleb
  9669 | D:7      | Reached skill level 5 in Conjurations
 10097 | D:7      | Reached skill level 5 in Earth Magic
 10443 | D:7      | Reached XP level 10. HP: 43/60 MP: 2/16
 11130 | D:7      | Found a glowing silver altar of Zin.
 11401 | D:7      | Huge Dmg: 14 Dmg
 11491 | D:8      | Huge Dmg: 13 Dmg
 11602 | D:7      | Huge Dmg: 24 Dmg
 11702 | D:8      | Huge Dmg: 18 Dmg
 11912 | D:8      | Reached skill level 10 in Earth Magic
 11960 | D:8      | Noticed a two-headed ogre
 12133 | D:7      | Huge Dmg: 16 Dmg
 12442 | D:8      | Reached ** piety under Makhleb
 12698 | D:7      | Huge Dmg: 31 Dmg
 13155 | D:8      | Found Jegruhy's Gadget Emporium.
 13418 | D:9      | Noticed a two-headed ogre
 13437 | D:8      | Huge Dmg: 51 Dmg
 13527 | D:8      | Noticed a glowing orange brain
 13527 | D:8      | a two-headed ogre changed into a glowing orange brain
 13867 | D:9      | Huge Dmg: 16 Dmg
 14480 | D:9      | Reached skill level 5 in Dodging
 14543 | D:9      | Got a pair of spiked gloves
 14546 | D:9      | Identified the +0 pair of gloves of Intercession {rC+ MP+9 Int-4} (You found it on level 9 of the Dungeon)
 14834 | D:9      | Reached skill level 1 in Invocations
 14918 | D:10     | Entered Level 10 of the Dungeon
 15016 | D:10     | Reached skill level 2 in Invocations
 15016 | D:10     | Reached XP level 11. HP: 67/67 MP: 14/17
 15368 | D:9      | Reached skill level 3 in Invocations
 15528 | D:10     | Found a staircase to the Lair.
 15610 | Lair:1   | Entered Level 1 of the Lair of Beasts
 15611 | Lair:1   | Reached skill level 4 in Invocations
 15613 | Lair:1   | Huge Dmg: 11 Dmg
 15614 | Lair:1   | Huge Dmg: 17 Dmg
 15625 | Lair:1   | Huge Dmg: 10 Dmg
 15637 | Lair:1   | Found a burning altar of Makhleb.
 15687 | D:10     | Huge Dmg: 14 Dmg
 16089 | D:11     | Reached skill level 5 in Invocations
 16170 | D:11     | Learned a level 1 spell: Apportation
 16172 | D:11     | Learned a level 1 spell: Animate Skeleton
 16175 | D:11     | Learned a level 2 spell: Passwall
 16197 | D:11     | Reached *** piety under Makhleb
 16305 | D:11     | Found a sparkling altar of Nemelex Xobeh.
 16384 | D:11     | Huge Dmg: 14 Dmg
 16865 | D:11     | Noticed a manticore
 16879 | D:11     | Huge Dmg: 14 Dmg
 16879 | D:11     | Killed a manticore
 16880 | D:11     | Noticed Psyche
 16965 | D:11     | Noticed a cyclops
 16968 | D:11     | Upgraded the game from 0.22-a0-93-g6b88ebb to 0.22-a0-99-g1ac4c55
 16987 | D:11     | Killed Psyche
 17027 | D:11     | Killed a cyclops
 17500 | D:11     | Noticed a two-headed ogre
 17854 | D:11     | Noticed Nergalle
 17857 | D:11     | Noticed Josephine
 17885 | D:11     | Noticed a spectral orc warlord
 17909 | D:11     | Noticed a spectral orc warlord
 17913 | D:11     | Huge Dmg: 14 Dmg
 18203 | D:12     | Reached skill level 1 in Evocations
 18796 | D:12     | Noticed a manticore
 18805 | D:12     | Killed a manticore
 19219 | D:12     | Noticed a cyan ugly thing
 19252 | D:12     | Huge Dmg: 13 Dmg
 19255 | D:12     | Huge Dmg: 14 Dmg
 19255 | D:12     | Killed a cyan ugly thing
 19255 | D:12     | Reached XP level 12. HP: 45/76 MP: 4/18
 19423 | D:12     | Found a staircase to the Orcish Mines.
 19654 | D:13     | Noticed a centaur warrior
 19658 | D:13     | Huge Dmg: 22 Dmg
 19660 | D:13     | Huge Dmg: 17 Dmg
 19846 | D:13     | Noticed a two-headed ogre
 19903 | D:13     | Huge Dmg: 17 Dmg
 19904 | D:13     | Huge Dmg: 17 Dmg
 19904 | D:13     | Reached skill level 6 in Invocations
 19904 | D:13     | Killed a centaur warrior
 20070 | Orc:1    | Entered Level 1 of the Orcish Mines
 20088 | Orc:1    | Reached skill level 10 in Fighting
 20358 | Orc:1    | Huge Dmg: 26 Dmg
 20620 | D:13     | Reached **** piety under Makhleb
 20670 | D:13     | Reached skill level 1 in Translocations
 20911 | D:12     | Killed a two-headed ogre
 21162 | D:13     | Huge Dmg: 13 Dmg
 21401 | D:10     | Reached skill level 5 in Spellcasting
 21666 | D:10     | Noticed a two-headed ogre
 21687 | D:10     | Huge Dmg: 39 Dmg
 21691 | D:10     | Killed a two-headed ogre
 22848 | Lair:1   | Huge Dmg: 13 Dmg
 23090 | Lair:1   | Reached XP level 13. HP: 82/82 MP: 16/23
 23090 | Lair:1   | Reached ***** piety under Makhleb
 23849 | Lair:2   | Got a bronze scale mail
 23850 | Lair:2   | Identified the cursed +0 scale mail of Context {*Slow +Fly Stlth+} (You found it on level 2 of the Lair of Beasts)
 23910 | Lair:2   | Huge Dmg: 19 Dmg
 24325 | Lair:2   | Huge Dmg: 16 Dmg
 24973 | Lair:3   | Huge Dmg: 21 Dmg
 26065 | Lair:3   | Huge Dmg: 17 Dmg
 26119 | Lair:3   | Learned a level 3 spell: Conjure Flame
 26159 | Lair:3   | Reached skill level 7 in Invocations
 26646 | Lair:4   | Found a staircase to the Shoals.
 26655 | Lair:4   | Found a hole to the Spider Nest.
 26940 | Lair:4   | Reached skill level 8 in Invocations
 28014 | Lair:4   | Huge Dmg: 17 Dmg
 28321 | Lair:5   | Found a staircase to the Slime Pits.
 28426 | Lair:5   | You fall through a shaft!
 28426 | Lair:6   | Entered Level 6 of the Lair of Beasts
 29178 | Lair:6   | Huge Dmg: 24 Dmg
 29358 | Lair:6   | Huge Dmg: 16 Dmg
 29578 | Lair:6   | Huge Dmg: 17 Dmg
 29582 | Lair:5   | Huge Dmg: 24 Dmg
 29593 | Lair:5   | Huge Dmg: 11 Dmg
 29659 | Lair:5   | Huge Dmg: 14 Dmg
 29827 | Lair:5   | Gained mutation: Your large and strong wings let you fly indefinitely. [Gargoyle growth]
 29827 | Lair:5   | Reached XP level 14. HP: 88/88 MP: 1/26
 29983 | Lair:6   | Huge Dmg: 19 Dmg
 30108 | Lair:5   | Huge Dmg: 11 Dmg
 30109 | Lair:5   | Huge Dmg: 23 Dmg
 30298 | Lair:4   | Huge Dmg: 15 Dmg
 30519 | D:11     | Killed Nergalle
 30634 | D:12     | Huge Dmg: 20 Dmg
 30771 | D:12     | Huge Dmg: 19 Dmg
 30925 | D:11     | Learned a level 4 spell: Sticky Flame
 31014 | Orc:1    | Found Ywaanted's Assorted Antiques.
 31017 | Orc:1    | Bought a wand of paralysis (13) for 62 gold pieces
 31017 | Orc:1    | Bought a scroll labeled EPEOCH MELL for 31 gold pieces
 31017 | Orc:1    | Bought a coppery potion for 27 gold pieces
 31223 | Orc:2    | Entered Level 2 of the Orcish Mines
 31317 | Orc:1    | Reached skill level 1 in Fire Magic
 31481 | Orc:2    | Noticed FrankyJ's ghost (journeyman VSAs)
 31482 | Orc:2    | Huge Dmg: 29 Dmg
 32161 | Orc:2    | Found Welaisul's Food Shop.
 32163 | Orc:1    | Noticed Erolcha
 32304 | Orc:2    | Found a staircase to the Elven Halls.
 32595 | Orc:2    | Killed FrankyJ's ghost
 32758 | Orc:2    | Found Pieqaimm's Weapon Boutique.
 33350 | Orc:2    | Huge Dmg: 33 Dmg
 33539 | Orc:1    | Huge Dmg: 22 Dmg
 33544 | Orc:1    | Huge Dmg: 14 Dmg
 34242 | D:11     | Killed Josephine
 34242 | D:11     | Reached skill level 10 in Short Blades
 35418 | Orc:2    | Huge Dmg: 29 Dmg
 35418 | Orc:2    | Paralysed by an orc sorcerer for 2 turns
 36251 | Orc:2    | Found Naimy's Armour Shop.
 36251 | Orc:2    | Found Kiremife's Armour Shoppe.
 36523 | Orc:2    | Found Julirphos's Antique Armour Shop.
 36523 | Orc:2    | Found Ynimom's Magic Scroll Shoppe.
 36532 | Orc:2    | Bought a scroll of magic mapping for 45 gold pieces
 36532 | Orc:2    | Bought a scroll of blinking for 97 gold pieces
 36540 | Orc:2    | Bought a +0 buckler for 58 gold pieces
 36548 | Orc:2    | Bought a pair of faintly glowing boots for 275 gold pieces
 36548 | Orc:2    | Bought a faintly glowing ring mail for 261 gold pieces
 36549 | Orc:2    | Identified the +1 pair of boots of Parlour Games {Regen+} (You bought it in a shop on level 2 of the Orcish Mines)
 36550 | Orc:2    | Identified the cursed +1 ring mail of Narcissism {rC- Int+6} (You bought it in a shop on level 2 of the Orcish Mines)
 36784 | Lair:4   | Reached skill level 1 in Shields
 36946 | Spider:1 | Entered Level 1 of the Spider Nest
 37018 | Spider:1 | Noticed an emperor scorpion
 37096 | Lair:4   | Killed an emperor scorpion
 37212 | Spider:1 | Huge Dmg: 17 Dmg
 37218 | Spider:1 | Huge Dmg: 21 Dmg
 37370 | Spider:1 | Learned a level 5 spell: Fireball
 37581 | Spider:1 | Gained mutation: Scrolls take you a little longer to read. [potion of mutation]
 37581 | Spider:1 | Gained mutation: You have a pair of small antennae on your head. [potion of mutation]
 37616 | Spider:1 | Reached skill level 5 in Shields
 38021 | Spider:1 | Noticed an entropy weaver
 38067 | Spider:1 | Noticed an entropy weaver
 38079 | Spider:1 | Killed an entropy weaver
 38086 | Spider:1 | Noticed an entropy weaver
 38089 | Spider:1 | Huge Dmg: 22 Dmg
 38093 | Spider:1 | Huge Dmg: 21 Dmg
 38303 | Spider:1 | Killed an entropy weaver
 38307 | Spider:1 | Huge Dmg: 34 Dmg
 38399 | Spider:1 | Reached skill level 9 in Invocations
 38421 | Spider:1 | Huge Dmg: 12 Dmg
 38959 | Spider:1 | Killed a ghost moth
 38964 | Spider:1 | Huge Dmg: 18 Dmg
 39179 | Spider:1 | Huge Dmg: 25 Dmg
 39181 | Spider:1 | Reached skill level 10 in Invocations
 39183 | Spider:1 | Killed an entropy weaver
 39766 | Spider:2 | Reached XP level 15. HP: 93/93 MP: 27/27
 40222 | Spider:2 | Reached skill level 11 in Invocations
 40393 | Spider:2 | Huge Dmg: 36 Dmg
 40459 | Spider:2 | Huge Dmg: 20 Dmg
 40778 | Spider:2 | Reached ****** piety under Makhleb
 40809 | Spider:2 | Noticed Darius099's ghost (journeyman GrFi)
 40999 | Spider:2 | Learned a level 2 spell: Swiftness
 41457 | Spider:3 | Reached skill level 1 in Charms
 41457 | Spider:3 | Reached skill level 1 in Air Magic
 41501 | Spider:2 | Huge Dmg: 34 Dmg
 41626 | Spider:2 | Huge Dmg: 32 Dmg
 41766 | Spider:3 | Huge Dmg: 56 Dmg
 41893 | Spider:3 | Huge Dmg: 19 Dmg
 42011 | Spider:3 | Reached skill level 12 in Invocations
 42035 | Spider:3 | Huge Dmg: 17 Dmg
 42036 | Spider:3 | Huge Dmg: 14 Dmg
 42038 | Spider:3 | Huge Dmg: 9 Dmg
 42040 | Spider:3 | Huge Dmg: 19 Dmg
 42040 | Spider:3 | HP: 6/94 [something (7)]
 42041 | Spider:3 | Huge Dmg: 4 Dmg
 42042 | Spider:3 | Slain by a ghost moth

Inventory:

Hand Weapons
 a - a +3 rapier of draining (weapon)
Missiles
 t - 35 tomahawks
 R - 252 stones (quivered)
Armour
 c - a +0 robe (worn)
 j - a +2 pair of boots
 E - a +2 helmet
 M - the +0 pair of gloves of Intercession (worn) {rC+ MP+9 Int-4}
   (You found it on level 9 of the Dungeon)

   It affects your intelligence (-4).
   It protects you from cold.
   It affects your magic capacity (+9).
 V - a +0 buckler (worn)
 W - the +1 pair of boots of Parlour Games (worn) {Regen+}
   (You bought it in a shop on level 2 of the Orcish Mines)

   It increases your rate of regeneration.
Magical Staves
 b - an uncursed staff of wizardry {!a}
Jewellery
 n - an amulet of the gourmand (around neck)
 w - an uncursed ring of ice
 A - an uncursed ring of protection from magic
 D - a +4 ring of evasion (left hand)
 H - a +3 ring of protection (right hand)
Wands
 f - a wand of disintegration (20)
 p - a wand of paralysis (23)
 u - a wand of iceblast (25)
 v - a wand of flame (22)
 x - a wand of polymorph (7)
 z - a wand of digging (4)
Scrolls
 i - a scroll of torment {!r}
 o - 3 scrolls of remove curse
 C - 2 scrolls of amnesia
 G - 2 scrolls of teleportation
 I - a scroll of enchant weapon
 L - 4 scrolls of enchant armour
 N - a scroll of vulnerability {!r}
 O - 2 scrolls of blinking
 Q - a scroll of brand weapon
 T - 2 scrolls of magic mapping
 U - 2 scrolls of identify
Potions
 h - 12 potions of curing
 k - 4 potions of agility
 l - 3 potions of might
 m - 2 potions of heal wounds
 r - 2 potions of ambrosia {!e}
 s - 4 potions of brilliance
 F - a potion of invisibility
 J - 3 potions of haste
 K - a potion of cancellation
Books
 e - a book of Geomancy

   Spells                             Type                      Level
   a - Sandblast                      Earth                        1
   b - Passwall                       Transmutation/Earth          2
   c - Stone Arrow                    Conjuration/Earth            3
   d - Petrify                        Transmutation/Earth          4
   e - Lee's Rapid Deconstruction     Earth                        5
 g - a book of Maledictions

   Spells                             Type                      Level
   a - Corona                         Hexes                        1
   b - Ensorcelled Hibernation        Hexes/Ice                    2
   c - Confuse                        Hexes                        3
   d - Tukima's Dance                 Hexes                        3
   e - Dazzling Spray                 Conjuration/Hexes            3
 q - a book of Cantrips

   Spells                             Type                      Level
   a - Confusing Touch                Hexes                        1
   b - Animate Skeleton               Necromancy                   1
   c - Summon Small Mammal            Summoning                    1
   d - Apportation                    Translocation                1
 y - a book of Frost

   Spells                             Type                      Level
   a - Freeze                         Ice                          1
   b - Throw Frost                    Conjuration/Ice              2
   c - Ozocubu's Armour               Charms/Ice                   3
   d - Throw Icicle                   Conjuration/Ice              4
   e - Summon Ice Beast               Ice/Summoning                4
 B - a book of Misfortune

   Spells                             Type                      Level
   a - Confusing Touch                Hexes                        1
   b - Confuse                        Hexes                        3
   c - Gell's Gravitas                Translocation                3
   d - Petrify                        Transmutation/Earth          4
   e - Metabolic Englaciation         Hexes/Ice                    5
   f - Yara's Violent Unravelling     Hexes/Transmutation          5
 P - a book of Flames

   Spells                             Type                      Level
   a - Flame Tongue                   Conjuration/Fire             1
   b - Throw Flame                    Conjuration/Fire             2
   c - Conjure Flame                  Conjuration/Fire             3
   d - Inner Flame                    Hexes/Fire                   3
   e - Sticky Flame                   Conjuration/Fire             4
   f - Fireball                       Conjuration/Fire             5
 S - a book of Clouds

   Spells                             Type                      Level
   a - Poisonous Vapours              Poison/Air                   2
   b - Mephitic Cloud                 Conjuration/Poison/Air       3
   c - Conjure Flame                  Conjuration/Fire             3
   d - Freezing Cloud                 Conjuration/Ice/Air          6
   e - Ring of Flames                 Charms/Fire                  7
 X - a book of Air

   Spells                             Type                      Level
   a - Shock                          Conjuration/Air              1
   b - Swiftness                      Charms/Air                   2
   c - Static Discharge               Conjuration/Air              3
   d - Airstrike                      Air                          4
   e - Lightning Bolt                 Conjuration/Air              5
Comestibles
 d - 29 rations

Table legend:
 A = Turns spent in this place as a percentage of turns spent in the entire game.
 B = Non-inter-level travel turns spent in this place as a percentage of non-inter-level travel turns spent in the entire game.
 C = Inter-level travel turns spent in this place as a percentage of turns spent in this place.
 D = Turns resting spent in this place as a percentage of non-inter-level travel turns spent in this place.
 E = Turns spent auto-exploring this place as a percentage of non-inter-level travel turns spent in this place.
 F = Non-inter-level travel turns spent in this place divided by the number of levels of this place that you've seen.
                   A       B       C       D       E      F
               +-------+-------+-------+-------+-------+----------------------
         Total | 100.0 | 100.0 |   5.3 |  47.3 |  18.6 | 1592.7
       Dungeon |  57.1 |  56.7 |   6.0 |  49.6 |  19.7 | 1738.2
        Temple |   0.1 |   0.1 |  19.0 |   0.0 |   0.0 |  51.0
          Lair |  21.0 |  20.7 |   6.3 |  35.1 |  21.7 | 1375.2
   Spider Nest |  11.9 |  12.1 |   3.2 |  49.3 |  17.8 | 1610.3
  Orcish Mines |   9.9 |  10.3 |   1.6 |  57.7 |   7.9 | 2044.5
               +-------+-------+-------+-------+-------+----------------------


   Skills:
 + Level 11.0 Fighting
 - Level 10.3 Short Blades
 - Level 9.0 Dodging
 - Level 4.0 Stealth
 - Level 5.0 Shields
 - Level 8.2 Spellcasting
 - Level 6.4 Conjurations
 - Level 2.1 Charms
 - Level 2.2 Translocations
 - Level 0.7 Transmutations
 - Level 3.4 Fire Magic
 - Level 1.9 Air Magic
 - Level 11.6 Earth Magic
 + Level 12.0 Invocations
 - Level 4.0 Evocations


You had 3 spell levels left.
You knew the following spells:

 Your Spells              Type           Power        Failure   Level  Hunger
a - Sandblast             Erth           #####.       1%          1    None
b - Stone Arrow           Conj/Erth      #####.       1%          3    #......
c - Lee's Rapid Deconstr  Erth           #####.....   2%          5    #####..
d - Animate Skeleton      Necr           N/A          11%         1    None
e - Apportation           Tloc           ##....       4%          1    None
f - Passwall              Tmut/Erth      ####......   1%          2    None
g - Conjure Flame         Conj/Fire      ###.....     4%          3    #......
h - Sticky Flame          Conj/Fire      ###.....     14%         4    ###....
i - Fireball              Conj/Fire      ###.......   36%         5    #####..
j - Swiftness             Chrm/Air       ##......     7%          2    None


Dungeon Overview and Level Annotations

Branches:
Dungeon (13/15)            Temple (1/1) D:5            Lair (6/6) D:10
 Shoals (0/4) Lair:4       Spider (3/4) Lair:4        Slime (0/5) Lair:5
    Orc (2/2) D:12            Elf (0/3) Orc:2
 Vaults: D:13-14

Altars:
Ashenzari
Cheibriados
Dithmenos
Elyvilon
Fedhas
Gozag
Hepliaklqana
Kikubaaqudgha
Makhleb
Nemelex Xobeh
Okawaru
Qazlal
Ru
Sif Muna
Trog
Uskayaw
Vehumet
Wu Jian
Xom
Yredelemnul
Zin
The Shining One

Shops:
D:6 }   D:8 }   Orc:1 *   Orc:2 ([[[?%

Annotations:
D:3 9 exclusions, COBRA's ghost, weakling MiFi
D:6 exclusion: downstairs
D:7 !Ogres and giant orange brain, exclusion: downstairs
D:8 !Giant orange brain!!!, 15 exclusions
D:9 exclusion: downstairs
D:10 exclusion: downstairs
D:11 !Two-headed ogre, Nergell, Johspehine
Lair:5 exclusions: fungus, plant and 30 more exclusions
Spider:1 exclusion: downstairs
Spider:2 !Scary_ghost, Darius099's ghost, journeyman GrFi
Orc:1 Erolcha


Innate Abilities, Weirdness & Mutations

You are resistant to torment.
Your stone body is resilient. (AC +11)
You are immune to poison.
Your large and strong wings let you fly indefinitely.
You resist negative energy. (rN+)
You are resistant to electric shocks. (rElec)
You can survive without breathing.
You are immune to petrification.
You are immune to rotting.
You have a pair of small antennae on your head.
Scrolls take you a little longer to read.


Message History

You feel you are being watched by something.
Something hits you.
Deactivating autopickup; reactivate with Ctrl-A.
You block something's attack. Something stings you.
You closely miss the tarantella.
The tarantella is almost dead.
The tarantella barely misses you.
Unknown command.
You hit the tarantella but do no damage.
You drain the tarantella!
The tarantella is almost dead.
The tarantella closely misses you.
Something hits you but does no damage. x2
Something barely misses you.
You hit the tarantella.
You kill the tarantella!
Makhleb accepts your kill.
You feel better.
Your Fighting skill increases to level 11!
Something barely misses you. Something misses you. Something barely misses you.
Unknown command.
Okay, then.
Unknown command.
You feel very mighty all of a sudden. Something hits you.
Something barely misses you.
Something stings you but does no damage.
Damage: -2%(-2hp) hp: 95%(89hp)
You puncture something! Something hits you but does no damage.
Something hits you.
You feel weakened.
Something stings you but does no damage.
Damage: -5%(-5hp) hp: 90%(84hp)
You puncture something!
Something hits you but does no damage. x2
Something stings you but does no damage.
You closely miss something.
You feel you are being watched by something.
You feel your power leaking away. Something hits you but does no damage.
Something closely misses you. Something stings you!
Damage: -8%(-7hp) hp: 82%(77hp)
You puncture something! Something hits you! Something closely misses you.
Something stings you but does no damage.
Damage: -8%(-8hp) hp: 74%(69hp)
You closely miss something. You closely miss something.
You feel you are being watched by something.
You feel your power leaking away. Something hits you! x2
You feel clumsy.
Something stings you but does no damage.
Huge Dmg: -18%(-17hp) hp: 56%(52hp) Unknown command.
Unknown command.
You barely miss something.
You feel you are being watched by something.
Something hits you!
* * * LOW HITPOINT WARNING * * *
Something hits you but does no damage. Something stings you!
* * * LOW HITPOINT WARNING * * *
Huge Dmg: -15%(-14hp) hp: 41%(38hp)
You barely miss something.
You feel you are being watched by something.
Something hits you.
* * * LOW HITPOINT WARNING * * *
You feel dopey. Something hits you but does no damage.
Something stings you but does no damage.
Damage: -1%(-1hp) hp: 40%(37hp)
You barely miss something.
You feel you are being watched by something.
Something hits you!
* * * LOW HITPOINT WARNING * * *
Something closely misses you. x2
Huge Dmg: -10%(-9hp) hp: 30%(28hp)
You puncture something! You miss something.
You feel you are being watched by something.
You feel your power leaking away. Something hits you!
* * * LOW HITPOINT WARNING * * *
You feel dopey. Something hits you!
* * * LOW HITPOINT WARNING * * *
You feel weakened. Something stings you.
* * * LOW HITPOINT WARNING * * *
Huge Dmg: -20%(-19hp) hp: 11%(10hp) Unknown command.
You feel much better. Something hits you!
* * * LOW HITPOINT WARNING * * *
Something misses you. Something stings you!
* * * LOW HITPOINT WARNING * * *
Huge Dmg: -4%(-4hp) hp: 7%(6hp) Unknown command.
Unknown command.
Really read with blurry vision while enemies are nearby?
Something hits you but does no damage. x2; Something barely misses you.
You begin reading the scroll.
You continue reading the scroll.
You feel you are being watched by something.
Something hits you!
You die...

##....#.#≈≈. ##^..#.......
##≈ #...#...#.... #..
##......^.... ####..####
##...#.#...... ^..#.....
#............. ......#.
##....^....... .........##
#.....##......
...#....#@###...#.........
#.....{†..##...#......#.
..#^..%...†.#.......#.. .
.....#...#...........
.......#.[.....#.##...
.^#.................##
......#..^.....#....
..#....#.#.....#.##... .
###...#.#....# # #..


There were no monsters in sight!

Table legend:
 A = Kills in this place as a percentage of kills in entire the game.
 B = Kills by you in this place as a percentage of kills by you in the entire game.
 C = Kills by friends in this place as a percentage of kills by friends in the entire game.
 D = Other kills in this place as a percentage of other kills in the entire game.
 E = Experience gained in this place as a percentage of experience gained in the entire game.
 F = Experience gained in this place divided by the number of levels of this place that you have seen.
                   A       B       C       D       E      F
               +-------+-------+-------+-------+-------+----------------------
         Total | 100.0 | 100.0 | 100.0 |   N/A | 100.0 | 4111.3
       Dungeon |  54.3 |  54.8 |  12.5 |   N/A |  30.2 | 2385.8
          Lair |  23.4 |  22.6 |  87.5 |   N/A |  29.7 | 5092.0
   Spider Nest |  13.5 |  13.7 |   0.0 |   N/A |  30.5 | 10454.7
  Orcish Mines |   8.8 |   8.9 |   0.0 |   N/A |   9.6 | 4925.5
               +-------+-------+-------+-------+-------+----------------------

Vanquished Creatures
  An emperor scorpion (Lair:4)
  A ghost moth (Spider:1)
  3 entropy weavers (Spider:1)
  The ghost of FrankyJ the Unseen, a journeyman VSAs of Okawaru (Orc:2)
  Josephine (D:11)
  2 hydras
  A centaur warrior (D:13)
  A catoblepas (Lair:2)
  3 two-headed ogres
  3 death yaks
  3 orc high priests (Orc:2)
  8 wolf spiders
  5 orc knights
  The ghost of schizoid the Skirmisher, a novice BaMo (D:5)
  3 orc sorcerers (Orc:2)
  A cyclops (D:11)
  4 manticores
  An ugly thing (D:12)
  7 orb spiders
  2 moths of wrath
  2 centaur zombies (D:13)
  6 elephants (Lair:5)
  6 black mambas
  5 spiny frogs
  Psyche (D:11)
  A torpor snail (Spider:1)
  A rime drake (Lair:3)
  3 demonic crawlers
  4 komodo dragons
  A queen bee (Lair:1)
  9 jumping spiders
  4 blink frogs
  6 hornets
  8 hippogriffs
  26 redbacks
  48 yaks
  15 tarantellas
  A vampire (D:10)
  5 wraiths (D:11)
  3 wyverns
  5 humans
  3 basilisks (Lair:6)
  3 hogs (D:7)
  A hungry ghost (D:11)
  2 steam dragons
  The ghost of Barbarella the Chiller, an amateur DsIE (D:4)
  A warg (Orc:1)
  2 soldier ants
  Duvessa (D:4)
  2 acid dragons (Lair:6)
  11 water moccasins
  2 porcupines
  A swamp drake (Lair:6)
  8 ice beasts
  19 orc warriors
  A black bear (D:8)
  A hornet zombie (D:8)
  A necrophage (D:9)
  3 phantoms
  5 sky beasts
  10 ogres
  4 wolves
  11 centaurs
  14 bullfrogs
  7 crocodiles
  A big kobold (D:9)
  2 wyvern zombies (D:8)
  Dowan (D:4)
  7 scorpions
  21 killer bees
  5 wights (D:9)
  4 howler monkeys
  A vampire bat (D:4)
  An electric eel (Spider:1)
  10 crimson imps
  A bullfrog zombie (D:12)
  5 hounds
  5 jellies
  14 orc priests
  16 orc wizards
  A centaur skeleton (D:5)
  7 iguanas
  A hell rat (Lair:6)
  12 worker ants
  A hound skeleton (D:5)
  2 howler monkey zombies
  4 gnolls (D:9)
  A river rat (Lair:6)
  11 adders
  3 shadow imps
  12 white imps (Lair:1)
  4 oozes (Lair:5)
  2 worms
  3 dart slugs (D:1)
  A leopard gecko (D:10)
  54 orcs
  A ball python (D:3)
  17 bats
  19 giant cockroaches
  15 goblins
  6 hobgoblins
  13 jackals
  4 quokkas
  A frilled lizard (D:4)
  2 jackal skeletons (D:4)
  A jackal zombie (D:6)
  15 kobolds
  A leopard gecko skeleton (D:6)
  A leopard gecko zombie (D:7)
  A quokka skeleton (D:4)
  6 rats
  A butterfly (D:5)
643 creatures vanquished.

Vanquished Creatures (collateral kills)
  Nergalle (D:11)
  A water moccasin (Lair:6)
  A wolf (Lair:1)
  4 killer bees (Lair:1)
  A hell rat (Lair:6)
8 creatures vanquished.

Vanquished Creatures (others)
  A bush (Lair:1)
  17 fungi
  12 plants
30 creatures vanquished.

Grand Total: 681 creatures vanquished

Action                   |  1- 3 |  4- 6 |  7- 9 | 10-12 | 13-15 || total
-------------------------+-------+-------+-------+-------+-------++-------
Melee: Unarmed           |    22 |       |       |       |       ||    22
       Whip              |    20 |       |       |       |       ||    20
       Dagger            |       |   191 |   172 |   520 |   224 ||  1107
       Rapier            |       |       |       |       |   820 ||   820
       Staff             |       |       |       |       |     2 ||     2
Throw: Stone             |     2 |       |       |       |       ||     2
 Cast: Sandblast         |    43 |    27 |    23 |    43 |   110 ||   246
       Stone Arrow       |       |    24 |    88 |   244 |   330 ||   686
       Lee's Rapid Decon |       |       |       |    78 |   194 ||   272
       Animate Skeleton  |       |       |       |    13 |    23 ||    36
       Apportation       |       |       |       |     3 |     3 ||     6
       Sticky Flame      |       |       |       |       |     3 ||     3
       Fireball          |       |       |       |       |     2 ||     2
Invok: Lesser Servant of |       |       |       |     2 |       ||     2
       Major Destruction |       |       |       |       |     3 ||     3
       Greater Servant o |       |       |       |       |     1 ||     1
Evoke: Wand              |       |       |       |    21 |     4 ||    25
  Use: Scroll            |       |     9 |     5 |    16 |    11 ||    41
       Potion            |       |       |     1 |     4 |    12 ||    17
 Stab: Sleeping          |       |       |     1 |     1 |       ||     2
       Distracted        |       |       |       |       |     2 ||     2
  Eat: Chunk             |     3 |     8 |     8 |    81 |    89 ||   189
       Ration            |       |     2 |     4 |     5 |     7 ||    18
Armor: Robe              |    33 |   108 |    65 |   246 |   527 ||   979
       Skin              |       |       |       |       |    55 ||    55
Dodge: Dodged            |    72 |   164 |   104 |   559 |  1262 ||  2161
Block: Buckler           |       |       |       |       |   138 ||   138
